 Dungeon Crawl Stone Soup version 0.31-a0-198-g2ad674f65e (webtiles) character file.

Game seed: 7588842704915538772

699 qw the Skirmisher (level 7, 0/40 HPs)
             Began as a Deep Elf Hunter on June 25, 2023.
             Succumbed to a scorpion's poison
             ... on level 5 of the Dungeon.
             The game lasted 00:01:27 (3339 turns).

qw the Skirmisher (Deep Elf Hunter)                 Turns: 3339, Time: 00:01:28

Health: 0/40       AC:  7    Str: 10    XL:     7   Next: 38%
Magic:  9/9        EV: 11    Int: 14    God:
Gold:   228        SH:  0    Dex: 18    Spells: 6/6 levels left

rFire   . . .        Y - +0 shortbow (flame)
rCold   . . .        (shield currently unavailable)
rNeg    . . .        a - +1 ring mail
rPois   .            h - +0 helmet
rElec   .            (no cloak)
rCorr   .            (no gloves)
SInv    .            (no boots)
Will    .....        (no amulet)
Stlth   +            (no ring)
HPRegen 0.26/turn    (no ring)
MPRegen 0.11/turn

%: no passive effects
@: lethally poisoned (0 -> -5), about to teleport
A: no striking features
a: no special abilities


You were on level 5 of the Dungeon.
You visited 1 branch of the dungeon, and saw 5 of its levels.

You collected 228 gold pieces.


   Skills:
 - Level 2.0 Fighting
 + Level 11.1 Ranged Weapons
 - Level 1.7 Armour
 - Level 3.0 Dodging
 - Level 1.2 Stealth


You had 6 spell levels left.
You didn't know any spells.
Your spell library was empty.

Inventory:

Hand Weapons
 Y - a +0 shortbow of flaming (weapon)
Armour
 a - a +1 ring mail (worn)
 e - a +0 pair of boots
 h - a +0 helmet (worn)
Scrolls
 c - 2 scrolls of vulnerability {unknown}
Potions
 b - a potion of attraction {unknown}
 d - a potion of heal wounds {unknown}
 f - 2 potions of cancellation {unknown}
 g - 2 potions of resistance
 i - 3 potions of curing
 j - a potion of haste {unknown}
 k - a potion of might {unknown}
 m - a potion of degeneration {unknown}
 n - a potion of mutation {unknown}

Dungeon Overview and Level Annotations

Branches:
Dungeon (5/15)
 Temple: D:4-7

Altars:
Gozag
Uskayaw
Zin
The Shining One

Annotations:
D:3 1 runed translucent door, qw's ghost, amateur DEHu


Message History

The scorpion stings you.
You shoot an arrow. The arrow barely misses the scorpion.
The arrow hits the scorpion but does no damage.
The scorpion is lightly wounded.
A gnoll comes into view.
It is wielding a +1 halberd of protection.
The scorpion stings you but does no damage.
You shoot an arrow.
The arrow hits the scorpion but does no damage.
The scorpion is lightly wounded.
The scorpion closely misses you.
The orc priest calls down the wrath of Beogh upon you.
Beogh smites you!
You shoot an arrow. The arrow closely misses the scorpion.
The arrow hits the scorpion but does no damage.
The scorpion is lightly wounded.
The scorpion closely misses you.
The orc priest calls upon Beogh to heal the orc.
The orc is healed somewhat.
The scorpion stings you.
You are poisoned.
The scorpion poisons you!
You hear a shout!
You shoot an arrow.
The arrow hits the scorpion but does no damage.
The scorpion is lightly wounded.
You feel very sick.
The orc priest looks braver for a moment.
The scorpion stings you.
You shoot an arrow. The arrow closely misses the scorpion.
The arrow barely misses the scorpion.
You feel very sick. The scorpion barely misses you.
You shoot an arrow. The arrow hits the scorpion.
The arrow burns the scorpion.
The scorpion is moderately wounded.
You feel sick. The scorpion stings you.
The orc priest invokes the aid of Beogh against you.
Beogh smites you!
3339 ||| READING scroll of teleportation.
As you read the scroll of teleportation, it crumbles to dust.
You feel strangely unstable.
You die...

##.>.....##...##...#
#.#############...#
#.# #..... #.#
#..... #.## #.....
#..# ##<..# ##.#
##### #.# #@# #s#


os# o### g# .s .f .# You could see a sleepcap, 3 scorpions, an orc priest, a
gnoll and an orc.

Vanquished Creatures
  A black bear (D:5)
  An ogre (D:4)
  A scorpion (D:5)
  3 hounds (D:5)
  An orc priest (D:4)
  A jelly (D:4)
  2 iguanas (D:5)
  2 orc wizards (D:5)
  11 adders
  A gnoll (D:5)
  3 worms
  A dart slug (D:4)
  14 orcs
  2 ball pythons
  9 bats
  5 endoplasms
  5 giant cockroaches
  7 goblins
  6 hobgoblins
  7 jackals
  5 kobolds
  2 quokkas
  3 frilled lizards
  6 rats
99 creatures vanquished.

Notes
Turn   | Place    | Note
-------+----------+-------------------------------------------
     0 | D:1      | qw the Deep Elf Hunter began the quest for the Orb.
     0 | D:1      | Reached XP level 1. HP: 12/12 MP: 3/3
     0 | D:1      | 0 ||| qw: Version: 0.3-a-22-g0ed2b0b
     0 | D:1      | 0 ||| qw: Game counter: 4995
     0 | D:1      | 0 ||| qw: Melee chars always use a shield: true
     0 | D:1      | 0 ||| qw: God list: Okawaru
     0 | D:1      | 0 ||| qw: Allow faded altars: false
     0 | D:1      | 0 ||| qw: Do Orc after clearing Dungeon:15 true
     0 | D:1      | 0 ||| qw: Do second Lair branch before Depths: true
     0 | D:1      | 0 ||| qw: Lair rune preference: random
     0 | D:1      | 0 ||| qw: Goals: Normal
     0 | D:1      | 0 ||| PLANNING D:1-11
   162 | D:1      | Reached skill level 6 in Ranged Weapons
   162 | D:1      | Reached XP level 2. HP: 16/16 MP: 4/4
   593 | D:1      | Reached XP level 3. HP: 20/20 MP: 5/5
   655 | D:1      | 655 ||| READING scroll labelled YLIMOY DAAS.
   656 | D:1      | 656 ||| READING scroll labelled SEACIE KUAH.
   657 | D:1      | 657 ||| READING scroll labelled RUAMUE YVAAPP.
   658 | D:1      | 658 ||| READING scroll labelled IFONUDGHU JINOO.
   659 | D:1      | 659 ||| READING scroll labelled HUFOIGA UQEODOTSU.
   660 | D:1      | 660 ||| DRINKING 3 smoky coppery potions.
   661 | D:1      | 661 ||| DROPPING scroll of butterflies.
   675 | D:2      | 675 ||| STAIRDANCE
   678 | D:1      | HP: 5/20 [adder (2)]
   680 | D:1      | Reached skill level 7 in Ranged Weapons
   680 | D:1      | 680 ||| DRINKING 2 potions of curing.
   680 | D:1      | 680 ||| (to cure poison)
   868 | D:2      | Reached XP level 4. HP: 25/25 MP: 6/6
  1176 | D:2      | 1176 ||| UPGRADING to +0 ring mail.
  1186 | D:2      | 1186 ||| DROPPING +0 leather armour.
  1187 | D:2      | 1187 ||| READING scroll of enchant armour.
  1187 | D:2      | 1187 ||| ENCHANTING +0 ring mail.
  1188 | D:2      | 1188 ||| READING scroll labelled TESMEV FAEMPIN.
  1189 | D:2      | 1189 ||| READING scroll labelled ASCHYE INADIEPH.
  1190 | D:2      | 1190 ||| READING 2 scrolls labelled ZIGRIEDIKYRR.
  1194 | D:2      | 1194 ||| DRINKING 2 puce potions.
  1195 | D:2      | 1195 ||| DROPPING potion of invisibility.
  1252 | D:3      | Found an opulent altar of Gozag.
  1258 | D:3      | 1258 ||| STAIRDANCE
  1323 | D:3      | Identified the +7 short sword of the Hammering Gods {drain,
                  | Fly}
  1356 | D:3      | Reached skill level 8 in Ranged Weapons
  1356 | D:3      | Found a runed translucent door.
  1429 | D:3      | Found a glowing golden altar of the Shining One.
  1607 | D:3      | Found a faded altar of an unknown god.
  1667 | D:3      | Noticed qw's ghost (amateur DEHu)
  1671 | D:3      | 1671 ||| UPGRADING to +0 helmet.
  1676 | D:3      | 1676 ||| READING scroll labelled WARCHA PAMMI.
  1777 | D:3      | 1777 ||| READING scroll labelled KOROMIT UCLYT.
  1778 | D:3      | 1778 ||| READING scroll labelled ZUCHOB PIPASH.
  1779 | D:3      | 1779 ||| READING scroll labelled ZAWUTWAITUAN.
  1780 | D:3      | 1780 ||| DRINKING 2 yellow potions.
  1824 | D:4      | Noticed an ogre
  1831 | D:4      | Killed an ogre
  1832 | D:4      | Reached skill level 9 in Ranged Weapons
  1832 | D:4      | Reached XP level 5. HP: 29/29 MP: 7/7
  1893 | D:4      | Found a glowing silver altar of Zin.
  2010 | D:4      | Reached XP level 6. HP: 35/35 MP: 8/8
  2344 | D:4      | Found a hide-covered altar of Uskayaw.
  2693 | D:5      | Entered Level 5 of the Dungeon
  2725 | D:5      | Reached skill level 10 in Ranged Weapons
  2734 | D:5      | Reached skill level 3 in Dodging
  2749 | D:5      | HP: 8/35 [orc wizard/magic dart (3)]
  2750 | D:5      | 2750 ||| DRINKING 4 potions of curing.
  2750 | D:5      | 2750 ||| (to cure confusion)
  2752 | D:5      | 2752 ||| READING scroll of teleportation.
  2758 | D:5      | Reached skill level 1 in Armour
  2763 | D:5      | HP: 5/35 [adder (1)]
  2959 | D:5      | Reached XP level 7. HP: 40/40 MP: 9/9
  3226 | D:5      | Reached skill level 11 in Ranged Weapons
  3338 | D:5      | HP: 1/40 [orc priest/divine providence (10)]
  3339 | D:5      | 3339 ||| READING scroll of teleportation.
  3339 | D:5      | Succumbed to a scorpion's poison

Levels and vault maps discovered:
D:1:      shiori_arrival_maze, layout_loops_ring
D:2:      layout_rooms
D:3:      layout_rooms, tso_oasis_becter, old_standard_altar,
          hellmonk_ecumenical_altar_inner_sanctum, ebering_ghost_sewer_d
D:4:      layout_basic, mainiacjoe_overflow_24_doors, general_overflow_altar
D:5:      layout_gridville, minmay_temple_entry_nine_rooms

Skill      XL: |  1  2  3  4  5  6  7 |
---------------+----------------------+-----
Ranged Weapons | 6 7 9 10 11 | 11.1
Fighting       | 2 |  2.0
Dodging        | 3 |  3.0
Armour         | 1 |  1.7
Stealth        | |  1.2

Action                     |  1- 3 |  4- 6 |  7- 9 || total
---------------------------+-------+-------+-------++-------
   Fire: Shortbow          |    98 |   194 |    50 ||   342
    Use: Scroll            |     5 |     9 |     1 ||    15
         Potion            |     2 |     3 |       ||     5
 Armour: Leather armour    |    13 |       |       ||    13
         Ring mail         |       |    70 |     8 ||    78
  Dodge: Dodged            |    27 |    54 |    13 ||    94

Table legend:
 A = Non-vault XP
 B = Vault XP
 C = Vault XP percentage of total XP
 D = Non-vault monster count
 E = Vault monster count
 F = Vault count percentage of total count
                 A         B        C        D         E       F
            +---------+---------+-------+---------+---------+-------
      Total |     996 |       3 |   0.3 |      97 |       2 |   2.0
            +---------+---------+-------+---------+---------+-------
        D:1 |      60 |       3 |   4.8 |      28 |       2 |   6.7
        D:2 |      75 |       0 |   0.0 |      15 |       0 |   0.0
        D:3 |      25 |       0 |   0.0 |      13 |       0 |   0.0
        D:4 |     300 |       0 |   0.0 |      24 |       0 |   0.0
        D:5 |     536 |       0 |   0.0 |      17 |       0 |   0.0
            +---------+---------+-------+---------+---------+-------
